cohdb
Replays
Latest Replays
All Replays
Popular Replays
Top Player Replays
Match Explorer
How It Works
Community
CoH3 Stats
Reddit
Sign in to upload your games and track your stats! →
Sign in with Steam
Match 25219718
Unlisted
Match 25219718
Overview
Messages
Build Orders
End
Construct Infanterie Kompanie
Selects Mechanized Battlegroup
Grenadier Squad
GrW 34 Mortar Team
MG 42 Machine Gun Team
Construct Luftwaffe Kompanie
Jäger Squad
Selects Raid Package
Jäger Squad
Medical Bunker
Jäger Squad
Selects StuG Assault Group
StuG Assault Group
Selects UNKNOWN (2160084)
Infanterie Officer Quarters
Selects Spotting Scopes
Construct Panzer Kompanie
Luftwaffe Officer Quarters
Panzer IV Medium Tank
Selects Wespe Self-propelled Artillery
Jäger Squad
Sturmpanzer IV Brummbär
Selects Zeroing Artillery Barrage
Zeroing Artillery Barrage
Construct Panzergrenadier Kompanie
Panther Heavy Tank
Jäger Squad
Medical Bunker
Panther Heavy Tank
Pioneer Squad
Side Skirts
Construct Panzergrenadier Kompanie
Panther Heavy Tank
Piranha_BA
H0496
STG44 Bear
Wimp Lo
Sevahn
TidaL
0
0
Comments
sign in to comment!
No comments posted yet!